 Dungeon Crawl Stone Soup version 0.30.0-5-g1a98f26d00 (webtiles) character file.

Game seed: 760684548184481901

18827 jasper the Severer (level 12, 0/92 HPs)
             Began as a Demonspawn Berserker on May 11, 2023.
             Was a High Priest of Trog.
             Slain by a yak (3 damage)
             ... on level 2 of the Lair of Beasts.
             The game lasted 00:16:32 (10211 turns).

jasper the Severer (Demonspawn Berserker)          Turns: 10211, Time: 00:16:33

Health: 0/92       AC: 21    Str: 26    XL:     12   Next: 31%
Magic:  29/29      EV:  7    Int: 12    God:    Trog [*****.]
Gold:   570        SH:  0    Dex:  7    Spells: 11/11 levels left

rFire   + . .        x - +12 battleaxe of the Beast {heavy, Int+4 Dex-5}
rCold   + . .        (shield currently unavailable)
rNeg    . . .        C - +1 plate armour
rPois   .            w - +0 helmet
rElec   .            u - +1 cloak of Indemnity {+Inv rF+ Stlth+}
rCorr   .            (gloves unavailable)
SInv    .            r - +0 pair of boots
Will    .....        G
                       - Hermit's Pendant {Faith Invo=14 Evo=0 MP+5} Stlth
                     (no ring)
HPRegen 0.35/turn    (no ring)
MPRegen 0.21/turn

%: faith
@: no status effects
A: claws 3, slimy green scales 2, spiny 2, cold resistance 1, high MP 1, strong
1
a: Renounce Religion, Evoke Invisibility, Berserk, Trog's Hand, Brothers in Arms


You were on level 2 of the Lair of Beasts.
You worshipped Trog.
Trog was extremely pleased with you.
You visited 2 branches of the dungeon, and saw 11 of its levels.

You collected 795 gold pieces.
You spent 225 gold pieces at shops.

Inventory:

Hand Weapons
 a - a +1 hand axe
 d - a +0 sling
 x - the +12 battleaxe of the Beast (weapon) {heavy, Int+4 Dex-5}
   (You acquired it on level 6 of the Dungeon)

   Int:       It affects your intelligence (+4).
   Dex:       It affects your dexterity (-5).
 B - a +0 battleaxe of draining
 I - a +2 whip of freezing
 T - a +5 dire flail of flaming
Missiles
 j - 13 throwing nets
 p - 8 javelins
 z - 5 silver boomerangs
Armour
 b - a +0 animal skin
 e - a +0 chain mail
 r - a +0 pair of boots (worn)
 s - a +0 pair of gloves
 u - the +1 cloak of Indemnity (worn) {+Inv rF+ Stlth+}
   (You found it on level 4 of the Dungeon)

   rF:        It protects you from fire.
   +Inv:      It lets you turn invisible.
   Stlth:     It makes you more stealthy.
 w - a +0 helmet (worn)
 C - a +1 plate armour (worn)
 H - a +0 buckler
 J - a +0 cloak of willpower
 L - a +1 pair of gloves of infusion
Jewellery
 q - an amulet of guardian spirit
 y - a ring of see invisible
 A - a ring of protection from fire
 D - an amulet of faith
 G - the Hermit's Pendant (around neck) {Faith Invo=14 Evo=0 MP+5}
   (You found it on level 7 of the Dungeon)

   [amulet of faith]

   Invo=14: It sets your Invocations skill to 14.
   Evo=0: It sets your Evocations skill to 0.
   It allows you to gain divine favour quickly.
   MP:        It affects your magic capacity (+5).
 V - a ring of willpower
Wands
 g - a wand of flame (51)
 o - a wand of roots (32)
 E - a wand of acid (9)
 K - a wand of paralysis (17)
Scrolls
 f - 4 scrolls of identify
 k - 3 scrolls of teleportation
 n - 2 scrolls of noise
 M - 3 scrolls of poison {unknown}
 N - a scroll of immolation
 O - a scroll of magic mapping
 P - 4 scrolls of enchant armour
 S - a scroll of fog {unknown}
 W - a scroll of enchant weapon
Potions
 c - 3 potions of haste
 h - 2 potions of brilliance
 i - 2 potions of magic
 l - 3 potions of resistance
 m - a potion of attraction
 t - 4 potions of might
 v - a potion of mutation
 F - a potion of lignification
 Q - a potion of flight
 R - a potion of berserk rage
 U - a potion of invisibility


   Skills:
 + Level 7.6 Fighting
 * Level 16.4 Axes
 + Level 6.6 Armour
 - Level 1.7 Dodging


You had 11 spell levels left.
You didn't know any spells.
Your spell library was empty.

Dungeon Overview and Level Annotations

Branches:
Dungeon (9/15)             Temple (0/1) D:6            Lair (2/5) D:8
 Shoals (0/4) Lair:2
  Snake: Lair:2-3    Spider: Lair:2-3       Orc: D:9-12

Altars:
Cheibriados
Fedhas
Nemelex Xobeh
Okawaru
Qazlal
Ru
Trog
Vehumet
Wu Jian
Xom
Yredelemnul

Shops:
D:4 =   D:8 [

Annotations:
D:6 3 runed translucent doors, AiryTheDragon's ghost, novice DrTm; FrenchFrogFromFrance's ghost, amateur HOMo; PerfectTommy's ghost, novice MiFi


Innate Abilities, Weirdness & Mutations

You have claws for hands.
You are mostly covered in slimy green scales. (AC +3)
You are mostly covered in sharp spines.
Your flesh is cold resistant. (rC+)
You have an increased reservoir of magic. (+10% MP)
Your muscles are strong. (Str +4, Int/Dex -1)


Message History

You completely miss the yak.
The yak is severely wounded.
You slash the yak!
You kill the yak!
Trog accepts your kill.
The merfolk throws a boomerang.
The boomerang hits you but does no damage.
The yak is struck by your spines. The yak gores you but does no damage.
You open the yak like a pillowcase!!!
You kill the yak!
Trog accepts your kill.
You slash the elephant! x2
The merfolk hits you from afar with a +0 trident.
The elephant tramples you!
* * * LOW HITPOINT WARNING * * *
You hold your ground!
The elephant trunk-slaps you but does no damage.
The elephant is struck by your spines.
The elephant tramples you but does no damage.
The elephant trunk-slaps you but does no damage.
You take 15 damage, and have 18/92 hp.
You slash the yak!
The yak is moderately wounded.
You completely miss the elephant. You slice the elephant!!
The merfolk hits you but does no damage.
The yak barely misses you.
The elephant tramples you but does no damage.
The elephant trunk-slaps you but does no damage.
The elephant is struck by your spines.
The elephant tramples you but does no damage.
The elephant trunk-slaps you but does no damage.
The elephant tramples you but does no damage.
The elephant trunk-slaps you.
* * * LOW HITPOINT WARNING * * *
The elephant closely misses you.
The elephant trunk-slaps you but does no damage.
The merfolk hits you from afar with a +0 trident!
* * * LOW HITPOINT WARNING * * *
The yak is struck by your spines. The yak gores you.
You die...

##...#~..#...รท..:........
#####.~.##..............
##~..#..............
#~~.##.............
##)#.#....#...#>...
#~>.############## ##~#.#
# #~~.## #Y@.# #.YY##
#m..# ...### .... #...#
..... ....#


You could see 2 elephants, a merfolk and a yak.

Vanquished Creatures
  Erica (D:8)
  2 two-headed ogres
  Pikel (D:4)
  2 black mambas
  Maurice (D:8)
  3 elephants (Lair:2)
  A gargoyle (D:8)
  A rime drake (Lair:1)
  A torpor snail (Lair:1)
  An unseen horror (D:8)
  4 cane toads (Lair:2)
  Maggie (D:7)
  3 komodo dragons
  An efreet (D:7)
  A merfolk (Lair:2)
  5 polar bears
  A hornet (D:9)
  Prince Ribbit (D:8)
  10 blink frogs
  Sigmund (D:4)
  A vampire (D:9)
  3 wyverns
  15 yaks
  Grum (D:8)
  A steam dragon (D:8)
  5 water moccasins
  Duvessa (D:4)
  2 orc warriors
  2 black bears
  A sky beast (D:8)
  2 ogres
  2 wolves (D:8)
  4 centaurs
  A kobold brigand (D:9)
  4 lemures (D:4)
  7 bullfrogs
  4 gnoll sergeants
  2 scorpions
  4 wights (D:9)
  Dowan (D:4)
  3 howler monkeys (D:9)
  An electric eel (D:6)
  9 hounds
  3 jellies
  2 orc priests
  5 gnoll boudas
  A sleepcap (D:7)
  2 iguanas
  9 orc wizards
  34 gnolls
  8 adders
  A white imp (D:5)
  A worm (D:4)
  A dart slug (D:2)
  35 orcs
  5 ball pythons
  3 endoplasms
  3 giant cockroaches
  11 goblins
  9 hobgoblins
  9 jackals
  3 quokkas
  6 bats
  A frilled lizard (D:2)
  7 kobolds
  2 rats (D:1)
279 creatures vanquished.

Notes
Turn   | Place    | Note
-------+----------+-------------------------------------------
     0 | D:1      | jasper the Demonspawn Berserker began the quest for the
                  | Orb.
     0 | D:1      | Reached XP level 1. HP: 18/18 MP: 1/1
   213 | D:1      | Reached skill level 3 in Axes
   285 | D:1      | Gained mutation: You are partially covered in sharp spines.
                  | [demonic ancestry]
   285 | D:1      | Reached XP level 2. HP: 24/24 MP: 2/2
  1231 | D:2      | Gained mutation: You are partially covered in slimy green
                  | scales. (AC +2) [demonic ancestry]
  1231 | D:2      | Reached XP level 3. HP: 27/29 MP: 3/3
  1302 | D:2      | Reached skill level 4 in Axes
  1427 | D:3      | Reached ** piety under Trog
  1475 | D:3      | Identified the +2 short sword "Ezisk" {drain, Will- Int+7
                  | Dex+3}
  1627 | D:3      | Reached XP level 4. HP: 35/35 MP: 4/4
  2347 | D:4      | Noticed a black bear
  2355 | D:4      | Killed a black bear
  2356 | D:4      | Reached skill level 5 in Axes
  2356 | D:4      | Reached XP level 5. HP: 41/41 MP: 5/5
  2567 | D:4      | Noticed Sigmund
  2582 | D:4      | Killed Sigmund
  2583 | D:4      | Reached skill level 6 in Axes
  2583 | D:4      | Gained mutation: You are mostly covered in sharp spines.
                  | [demonic ancestry]
  2583 | D:4      | Reached XP level 6. HP: 32/47 MP: 6/6
  2755 | D:4      | Noticed Pikel
  2875 | D:4      | Killed Pikel
  2876 | D:4      | Reached skill level 8 in Axes
  2876 | D:4      | Gained mutation: You have sharp fingernails. [demonic
                  | ancestry]
  2876 | D:4      | Reached XP level 7. HP: 52/52 MP: 7/7
  2896 | D:4      | Found Jucs's Jewellery Emporium.
  3135 | D:4      | Identified the +1 cloak of Indemnity {+Inv rF+ Stlth+}
  3171 | D:4      | Noticed Duvessa
  3172 | D:4      | Noticed Dowan
  3211 | D:4      | Killed Duvessa
  3231 | D:4      | Killed Dowan
  3232 | D:4      | Reached skill level 9 in Axes
  3232 | D:4      | Reached XP level 8. HP: 20/58 MP: 5/8
  3973 | D:5      | Entered Level 5 of the Dungeon
  4668 | D:5      | Found a sacrificial altar of Ru.
  4689 | D:5      | Reached skill level 10 in Axes
  4998 | D:6      | Found a bloodstained altar of Trog.
  5027 | D:7      | Noticed Maggie
  5038 | D:7      | Killed Maggie
  5125 | D:7      | Reached skill level 11 in Axes
  5126 | D:7      | Gained mutation: You are mostly covered in slimy green
                  | scales. (AC +3) [demonic ancestry]
  5126 | D:7      | Reached XP level 9. HP: 54/63 MP: 9/9
  5342 | D:7      | Noticed a two-headed ogre
  5354 | D:7      | Killed a two-headed ogre
  5355 | D:7      | Reached skill level 12 in Axes
  5630 | D:7      | Found a faded altar of an unknown god.
  5630 | D:7      | Noticed an efreet
  5630 | D:7      | Found the Hermit's Pendant {Faith Invo=14 Evo=0 MP+5}
  5638 | D:7      | Killed an efreet
  5785 | D:8      | Noticed Erica
  5786 | D:8      | Noticed Prince Ribbit
  5795 | D:8      | Killed Prince Ribbit
  5813 | D:8      | Killed Erica
  5814 | D:8      | Reached skill level 13 in Axes
  5901 | D:8      | Reached XP level 10. HP: 59/70 MP: 20/20
  5910 | D:8      | Noticed a gargoyle
  5928 | D:8      | Killed a gargoyle
  6077 | D:8      | Noticed Maurice
  6085 | D:8      | Gained mutation: Your muscles are strong. (Str +4, Int/Dex
                  | -1) [potion of mutation]
  6085 | D:8      | Gained mutation: Your flesh is cold resistant. (rC+)
                  | [potion of mutation]
  6085 | D:8      | Gained mutation: You have an increased reservoir of magic.
                  | (+10% MP) [potion of mutation]
  6085 | D:8      | HP: 3/70 [komodo dragon (2)]
  6090 | D:8      | HP: 5/105 [something (5)]
  6094 | D:8      | Reached skill level 14 in Axes
  6315 | D:8      | Killed Maurice
  6394 | D:8      | Found Anosue's Antique Armour Shop.
  6402 | D:8      | Bought a pair of runed gloves for 225 gold pieces
  6536 | D:8      | Reached *** piety under Trog
  6600 | D:8      | Noticed Grum
  6603 | D:8      | Killed Grum
  6740 | D:8      | Found a staircase to the Lair.
  7248 | D:9      | Reached **** piety under Trog
  7552 | D:9      | Noticed a two-headed ogre
  7570 | D:9      | Killed a two-headed ogre
  7571 | D:9      | Gained mutation: You have very sharp fingernails. [demonic
                  | ancestry]
  7571 | D:9      | Reached XP level 11. HP: 31/78 MP: 19/23
  7893 | D:9      | Reached skill level 5 in Fighting
  8253 | D:6      | Found a sparkling altar of Nemelex Xobeh.
  8253 | D:6      | Found an iron altar of Okawaru.
  8253 | D:6      | Found a blossoming altar of Fedhas.
  8253 | D:6      | Found a radiant altar of Vehumet.
  8254 | D:6      | Found an ornate altar of the Wu Jian Council.
  8254 | D:6      | Found a snail-covered altar of Cheibriados.
  8256 | D:6      | Found a basalt altar of Yredelemnul.
  8256 | D:6      | Found a stormy altar of Qazlal.
  8256 | D:6      | Found a shimmering altar of Xom.
  8307 | D:6      | Found a runed translucent gate.
  8309 | D:6      | Found a runed translucent gate.
  8309 | D:6      | Found a runed translucent gate.
  8313 | D:6      | Noticed PerfectTommy's ghost (novice MiFi)
  8313 | D:6      | Noticed AiryTheDragon's ghost (novice DrTm)
  8313 | D:6      | Noticed FrenchFrogFromFrance's ghost (amateur HOMo)
  8350 | D:6      | Reached skill level 15 in Axes
  8461 | D:6      | Found a staircase to the Ecumenical Temple.
  8721 | D:6      | Identified a scroll of acquirement
  8721 | D:6      | Acquired the +12 battleaxe of the Beast {heavy, Int+4
                  | Dex-5}
  8862 | Lair:1   | Entered Level 1 of the Lair of Beasts
  9165 | Lair:1   | Reached ***** piety under Trog
  9169 | Lair:1   | Reached skill level 5 in Armour
  9710 | Lair:2   | Received a gift from Trog
  9844 | Lair:2   | Reached skill level 16 in Axes
  9958 | Lair:2   | Gained mutation: You have claws for hands. [demonic
                  | ancestry]
  9958 | Lair:2   | Reached XP level 12. HP: 91/91 MP: 24/24
 10175 | Lair:2   | Found a staircase to the Shoals.
 10211 | Lair:2   | HP: 3/92 [merfolk/+0 trident (14)]
 10211 | Lair:2   | Slain by a yak

Illustrated notes

Levels and vault maps discovered:
D:1:      giann_wishing_wells, layout_basic
D:2:      layout_basic
D:3:      layout_basic, minmay_misc_feat_doors, roderic_lattice_a,
          grunt_ministairs_11, hangedman_abyss_or_decor_lesser_grid,
          minmay_misc_feat_diagonals
D:4:      layout_basic, serial_shops, nicolae_shop_gaudy_bauble, uniq_pikel,
          uniq_duvessa, uniq_sigmund
D:5:      layout_gridville, general_overflow_altar
D:6:      layout_rooms, nicolae_overflows_in_rows,
          mainiacjoe_overflow_small_starburst, minmay_temple_entry_large_hall,
          gammafunk_ghost_cemetery, hangedman_abyss_or_decor_passed,
          nicolae_lava_and_water
D:7:      layout_rooms, hellmonk_guarded_unrand_hermit, uniq_maggie
D:8:      layout_cave_pools, david_lair_shrubbed, enter_bailey_3,
          serial_gnoll_camp, gnoll_camp_medium_02, gnoll_camp_huts_basic,
          grums_kennel, gnoll_camp_mini_hut, gnoll_camp_mini_shop,
          gnoll_camp_mini_doghouse, uniq_maurice, uniq_erica,
          uniq_prince_ribbit1
D:9:      layout_small_grid
Lair:1:   gammafunk_indiana_jones, layout_cave_shapes
Lair:2:   layout_hall_layers, elwin_shoals_entry_stream

Skill      XL: |  1  2  3  4  5  6  7  8  9 10 11 |
---------------+----------------------------------+-----
Axes           | 3 4 5 6 8 9 11 13 14 16 | 16.4
Armour         | 4 6 |  6.6
Fighting       | 4 7 |  7.6
Dodging        | |  1.7

Action                     |  1- 3 |  4- 6 |  7- 9 | 10-12 || total
---------------------------+-------+-------+-------+-------++-------
  Melee: Hand axe          |    49 |    64 |   212 |    39 ||   364
         Punch             |       |     2 |     2 |     1 ||     5
         Battleaxe         |       |       |       |   232 ||   232
   Fire: Sling             |    42 |    16 |    41 |       ||    99
 Invoke: Berserk           |       |     3 |     4 |     3 ||    10
         Trog's Hand       |       |     1 |     2 |     3 ||     6
  Evoke: Wand              |       |       |     8 |     3 ||    11
    Use: Scroll            |     1 |     5 |       |    15 ||    21
         Potion            |       |     1 |     1 |     6 ||     8
 Armour: Chain mail        |    31 |    36 |    41 |       ||   108
         Plate armour      |       |       |    83 |   268 ||   351
  Dodge: Dodged            |    30 |    18 |    53 |   119 ||   220
